 Dungeon Crawl Stone Soup version 0.27-a0-29-g2d0a2396b0 (webtiles) character file.

Game seed: 11886422800346207681

38 ArcanElement the Slasher (level 3, -2/29 HPs)
             Began as a Human Fighter on Jan 4, 2021.
             Slain by a gnoll
             ... wielding a +0 halberd
              (3 damage)
             ... on level 2 of the Dungeon.
             The game lasted 00:02:52 (853 turns).

ArcanElement the Slasher (Human Fighter)             Turns: 853, Time: 00:02:54

Health: -2/29      AC: 13    Str: 17    XL:     3   Next: 65%
Magic:  3/3        EV:  7    Int:  8    God:
Gold:   59         SH:  9    Dex: 12    Spells: 2/2 levels left

rFire    . . .     SeeInvis .   i - +0 dagger (protect)
rCold    . . .     Faith    .   c - +0 kite shield
rNeg     . . .     Spirit   .   b - +0 scale mail
rPois    .         Reflect  .   (no helmet)
rElec    .         Harm     .   (no cloak)
rCorr    .         Rampage  .   (no gloves)
Will     .....                  (no boots)
Stlth    ..........             j - amulet of inaccuracy (curse)
HPRegen  0.09/turn              (no ring)
MPRegen  0.08/turn              (no ring)

@: protection aura
A: no striking features
a: no special abilities


You were on level 2 of the Dungeon.
You visited 1 branch of the dungeon, and saw 2 of its levels.

You collected 59 gold pieces.

Inventory:

Hand Weapons
 a - a +0 long sword
 g - a +1 antimagic dagger
 i - a +0 dagger of protection (weapon)
Armour
 b - a +0 scale mail (worn)
 c - a +0 kite shield (worn)
Jewellery
 j - a cursed amulet of inaccuracy (around neck)
Scrolls
 e - 3 scrolls of amnesia
 f - a scroll of identify
 k - a scroll of immolation {unknown}
Potions
 d - a potion of might
 h - a potion of mutation


   Skills:
 - Level 3.0 Fighting
 + Level 3.6 Long Blades
 - Level 3.0 Armour
 - Level 3.0 Shields


You had 2 spell levels left.
You didn't know any spells.
Your spell library was empty.

Dungeon Overview and Level Annotations

Branches:
Dungeon (2/15)

Altars:


Message History

The gnoll hits you but does no damage.
You hit the gnoll.
You kill the gnoll!
Found 11 gold pieces.
A hobgoblin comes into view.
Found a scroll labelled YMEWOI PORUMU.
A giant cockroach comes into view.
You hit the giant cockroach but do no damage.
Your weapon exudes an aura of protection.
The gnoll hits you but does no damage. You block the giant cockroach's attack.
The gnoll hits you from afar with a +0 halberd.
* * * LOW HITPOINT WARNING * * *
You closely miss the giant cockroach.
The giant cockroach bites you but does no damage.
The gnoll hits you with a +0 flail.
* * * LOW HITPOINT WARNING * * *
The gnoll hits you from afar with a cursed -3 spear.
* * * LOW HITPOINT WARNING * * *
The gnoll hits you from afar with a +0 halberd.
You die...

.... #†#..)........
..... #.####.###.##
#.# #.# #.# #.###### .
#.# #......###.
#..###.######........
#......gg..# #..PP...P
#..?.....g.###.P♣♣♣P(.
#......g.@.##...♣ .P
#....$...B.##..P♣♣♣P.
####.##....##<..PPP..P
#. #....##......... ##
#....##...P....P
.....###.P♣♣♣P.P
#.....# #..♣ ..P
#..#+## #..♣ .P ...P


You could see 3 gnolls, a giant cockroach and a hobgoblin.

Vanquished Creatures
  A gnoll (D:2)
  A dart slug (D:1)
  2 giant cockroaches (D:1)
  4 goblins (D:1)
  A hobgoblin (D:2)
  A ball python (D:1)
  4 bats (D:1)
  A frilled lizard (D:1)
  2 kobolds (D:1)
  13 rats (D:1)
30 creatures vanquished.

Notes
Turn   | Place    | Note
-------+----------+-------------------------------------------
     0 | D:1      | ArcanElement the Human Fighter began the quest for the Orb.
     0 | D:1      | Reached XP level 1. HP: 18/18 MP: 1/1
   124 | D:1      | Reached XP level 2. HP: 19/24 MP: 2/2
   506 | D:1      | Reached XP level 3. HP: 29/29 MP: 3/3
   853 | D:2      | HP: 1/29 [gnoll/cursed -3 spear (2)]
   853 | D:2      | Slain by a gnoll

Illustrated notes

Levels and vault maps discovered:
D:1:      psy_arrival_basics, layout_basic, minivault_25,
          minmay_rat_gold_closets
D:2:      layout_basic, grunt_temple_overflow_open, kennysheep_boxes,
          uniq_jessica

Skill      XL: |  1  2 |
---------------+-------+-----
Long Blades    | 3 |  3.6
Fighting       | |  3.0
Armour         | |  3.0
Shields        | |  3.0

Action                   || total
-------------------------++-------
Melee: Long sword        ||    12
       Dagger            ||   129
  Use: Scroll            ||     2
Armor: Scale mail        ||    54
Dodge: Dodged            ||    33
Block: Kite shield       ||    57
       Rpst.: Long sword ||     4

Table legend: (Time is in decaauts)
 A = Elapsed time spent in this place.
 B = Non-inter-level travel time spent in this place.
 C = Inter-level travel time spent in this place.
 D = Time resting spent in this place.
 E = Time spent auto-exploring this place.
 F = Levels seen in this place.
 G = Mean time per level.
                   A        B        C        D        E       F      G
               +--------+--------+--------+--------+--------+-----+--------+
         Total |    854 |    833 |     21 |      0 |    520 |   2 |  427.0 |
       Dungeon |    854 |    833 |     21 |      0 |    520 |   2 |  427.0 |
               +--------+--------+--------+--------+--------+-----+--------+

Top non-repeatable levels by time:
     D:1: 761 daAuts
     D:2: 93 daAuts
